Map: Newkirk Precinct TE (Void)

Players

Ryung

  • Race: Terran Terran
  • Spawn Location: 5:00

Snute - Winner!

  • Race: Zerg Zerg
  • Spawn Location: 7:00

Event: IEM XI Katowice - World Championship 2017

VOD

Have the link to the VOD?

Description

Time

  • Played on: March 2, 2017, 9:29 a.m.
  • Length: 10:13

All games in this series

Show
View Real Time Build Order
Export as new Build Order

Ryung Terran 

Build Orders: Hellion Opening, Reaper Expand, Mech 

Get SALT Encoding   

  12  0:00  SCV  
  13  0:13  SCV  
  14  0:18  Supply Depot  
  14  0:25  SCV  
  15  0:29  Refinery  
  15  0:40  SCV  
  16  0:45  Barracks  
  16  0:52  SCV  
  17  1:04  SCV  
  18  1:16  SCV  
  19  1:31  Orbital Command  
  19  1:32  Reaper  
  20  1:44  Command Center  
  20  1:55  Factory  
  20  1:58  SCV  
  21  2:06  Barracks Reactor  
  21  2:10  SCV  
  21  2:14  Supply Depot  
  22  2:18  Refinery  
  22  2:22  SCV  
  23  2:36  SCV  
  24  2:47  Starport  
  24  2:48  SCV  
  24  2:50  Hellion x2  
  29  2:54  Marine  
  29  2:56  Orbital Command  
  30  3:00  SCV  
  31  3:11  Hellion x2  
  35  3:13  Barracks Tech Lab  
  35  3:16  SCV  
  36  3:24  SCV  
  37  3:28  SCV  
  40  3:35  Supply Depot  
  40  3:38  Medivac  
  40  3:42  SCV x2  
  42  3:49  Hellion x2  
  42  3:52  Supply Depot  
  46  3:56  SCV  
  46  3:57  SCV  
  47  4:08  Viking  
  49  4:13  Command Center  
  49  4:15  SCV  
  50  4:17  SCV  
  50  4:22  Hellion  
  53  4:25  Hellion  
  53  4:27  SCV  
  56  4:40  SCV x2  
  56  4:42  Armory, Refinery x2  
  59  4:52  SCV x2  
  60  5:00  Factory  
  60  5:03  Supply Depot  
  60  5:04  SCV  
  60  5:05  SCV  
  62  5:08  Factory  
  62  5:22  SCV x2  
  60  5:30  Orbital Command  
  60  5:31  Terran Vehicle Weapons Level 1  
  60  5:32  Barracks Reactor  
  60  5:34  SCV x2  
  58  5:36  Hellion x2  
  58  5:40  Starport Reactor  
  58  5:42  Supply Depot  
  62  5:46  SCV x2  
  63  5:57  Cyclone x2  
  63  5:58  SCV  
  63  6:00  SCV x2  
  63  6:01  Supply Depot  
  71  6:05  Factory Tech Lab  
  71  6:10  SCV  
  72  6:12  SCV  
  72  6:15  Siege Tank  
  76  6:19  Orbital Command  
  77  6:25  SCV x2  
  77  6:29  Factory  
  77  6:30  Supply Depot  
  77  6:31  Factory, Siege Tank  
  81  6:33  Hellion x2  
  81  6:37  Engineering Bay  
  81  6:39  SCV x2  
  87  6:42  Supply Depot  
  87  6:48  Armory  
  87  6:51  Refinery  
  87  6:53  Thor  
  93  6:56  Refinery  
  93  6:58  SCV x3  
  96  7:06  Siege Tank  
  99  7:10  SCV x2, Hellion x2  
  99  7:12  SCV  
  106  7:17  Factory Tech Lab  
  106  7:22  SCV  
  107  7:24  Missile Turret  
  107  7:27  Terran Vehicle Weapons Level 2  
  107  7:28  SCV  
  107  7:29  SCV  
  109  7:34  Supply Depot  
  109  7:35  SCV  
  103  7:44  Siege Tank x2  
  109  7:56  Siege Tank, Hellion x2  
  116  7:58  Infernal Pre-Igniter  
  116  8:04  Terran Vehicle And Ship Armor Level 1, Supply Depot  
  116  8:05  Supply Depot  
  116  8:08  Orbital Command  
  116  8:09  Hellion  
  116  8:14  Hellion  
  116  8:15  Liberator x2  
  116  8:16  Siege Tank  
  116  8:17  Siege Tank  
  112  8:20  SCV x2  
  112  8:26  Hellion  
  108  8:32  SCV  
  108  8:34  Hellion x2  
  117  8:35  SCV x2  
  117  8:36  Refinery  
  117  8:38  Hellion x2  
  123  8:44  SCV  
  123  8:47  SCV, Command Center  
  125  9:03  SCV x2  
  125  9:07  Siege Tank x3, Hellion  
  125  9:08  Hellion  
  101  9:16  Hellion  
  89  9:29  SCV x3  
  92  9:32  Hellion x3  
  92  9:37  Hellion  
  100  9:40  Siege Tank x2  
  109  9:46  SCV  
  109  9:47  SCV x2  
  109  9:49  Supply Depot  
  109  9:50  Supply Depot  
Show
View Real Time Build Order
Export as new Build Order

Snute Zerg - Winner!

Build Orders: Hatch First, Swarm Host 

Get SALT Encoding   

  12  0:00  Drone  
  13  0:13  Overlord  
  13  0:17  Drone  
  14  0:31  Drone x2  
  14  0:35  Drone  
  17  0:53  Hatchery  
  17  0:56  Drone  
  17  0:59  Drone  
  17  1:02  Extractor  
  17  1:14  Spawning Pool  
  17  1:17  Drone  
  17  1:21  Drone  
  18  1:28  Drone  
  19  1:39  Overlord  
  19  1:50  Drone  
  20  2:00  Queen  
  22  2:01  Metabolic Boost  
  22  2:04  Queen  
  22  2:06  Zergling x2  
  25  2:09  Zergling x2  
  25  2:13  Zergling x2  
  27  2:15  Drone  
  27  2:22  Drone  
  29  2:27  Drone  
  30  2:34  Drone  
  30  2:37  Queen, Drone  
  30  2:44  Overlord  
  33  2:48  Drone  
  34  2:54  Drone  
  35  3:03  Spore Crawler  
  35  3:05  Drone x2  
  36  3:09  Drone x2  
  36  3:10  Drone x2  
  36  3:12  Overlord, Drone x2  
  43  3:23  Overlord  
  43  3:28  Hatchery  
  43  3:32  Roach Warren  
  43  3:33  Extractor, Drone  
  41  3:35  Drone  
  41  3:37  Drone  
  41  3:39  Drone  
  44  3:43  Drone  
  44  3:46  Drone x3  
  48  3:51  Drone  
  48  3:54  Drone  
  50  4:02  Overlord  
  50  4:03  Overlord  
  50  4:13  Roach x4  
  58  4:18  Lair  
  58  4:20  Roach  
  60  4:25  Roach  
  60  4:27  Spore Crawler  
  60  4:28  Spore Crawler  
  60  4:29  Zergling x4  
  60  4:30  Zergling x4  
  64  4:37  Drone x4  
  67  4:40  Drone  
  67  4:45  Overlord  
  67  4:48  Evolution Chamber  
  67  4:50  Evolution Chamber, Drone  
  67  4:51  Drone  
  66  4:56  Drone  
  66  4:57  Drone x2  
  66  4:58  Drone  
  66  4:59  Drone  
  71  5:00  Drone  
  71  5:02  Drone  
  71  5:03  Overlord  
  71  5:06  Drone  
  74  5:13  Overlord  
  73  5:18  Zergling x8  
  71  5:24  Drone x2  
  71  5:26  Drone  
  71  5:29  Drone x2  
  71  5:33  Drone  
  71  5:34  Drone x2  
  77  5:35  Drone  
  77  5:36  Glial Reconstitution  
  77  5:38  Drone  
  77  5:41  Extractor, Drone  
  78  5:44  Extractor  
  78  5:45  Extractor  
  78  5:47  Extractor  
  73  5:52  Drone x3  
  73  5:53  Drone x4  
  73  5:55  Drone  
  73  5:57  Drone  
  82  6:02  Drone  
  80  6:04  Zerg Missile Weapons Level 1, Zerg Ground Armor Level 1  
  80  6:06  Drone  
  80  6:10  Drone x2  
  83  6:11  Infestation Pit  
  83  6:13  Drone x2  
  83  6:14  Drone  
  85  6:21  Overlord  
  85  6:22  Drone x4  
  89  6:30  Overlord x2  
  89  6:31  Overlord  
  89  6:33  Overlord  
  89  6:42  Roach x4  
  97  6:48  Overlord  
  97  6:52  Hatchery  
  97  6:54  Swarm Host x2  
  96  6:58  Swarm Host  
  96  6:59  Swarm Host  
  108  7:01  Swarm Host  
  108  7:06  Swarm Host x2  
  116  7:10  Ravager x4  
  116  7:13  Swarm Host  
  116  7:14  Swarm Host  
  126  7:20  Swarm Host  
  126  7:22  Swarm Host  
  132  7:26  Swarm Host  
  133  7:40  Drone  
  133  7:41  Drone x8  
  133  7:47  Swarm Host  
  133  7:49  Overlord x2  
  133  7:50  Overlord  
  130  8:16  Roach x10  
  146  8:28  Swarm Host x3  
  153  8:35  Drone x4  
  153  8:36  Drone x2  
  159  8:43  Ravager  
  159  8:44  Ravager x2  
  159  8:45  Overlord  
  159  8:46  Overlord x2  
  162  8:51  Roach  
  162  8:52  Overlord, Roach x2  
  136  9:14  Roach  
  136  9:15  Roach x12  
  152  9:21  Roach  
  154  9:25  Extractor x2  
  154  9:27  Roach x4  
  154  9:28  Roach  
  162  9:34  Roach  
  162  9:35  Roach x3  
  162  9:38  Roach x2  
  174  9:42  Ravager x2  
  174  9:45  Roach x2  
  180  9:52  Ravager x2  

Tags
 
Add a new tag
Caveats
  • Supply blocks, unpowered buildings, or Contaminate may cause inaccurate times.
  • Supply counts are checked every 10 seconds.